 Dungeon Crawl Stone Soup version 0.28.0-1-gb440e238dd (webtiles) character file.

Game seed: 14997656975297180474

997 themarg the Chopper (level 7, 0/61 HPs)
             Began as a Minotaur Monk on Feb 19, 2022.
             Slain by a killer bee (2 damage)
             ... on level 5 of the Dungeon.
             The game lasted 00:21:09 (4419 turns).

themarg the Chopper (Minotaur Monk)                 Turns: 4419, Time: 00:21:09

Health: 0/61       AC:  7    Str: 27    XL:     7   Next: 99%
Magic:  5/5        EV: 13    Int:  7    God:
Gold:   216        SH:  0    Dex: 19    Spells: 6/6 levels left

rFire   . . .      SeeInvis .   i - +7 spear "Wagir" {drain, Str+4 Stlth+}
rCold   . . .      Faith    .   (no shield)
rNeg    . . .      Spirit   .   c - +0 scale mail
rPois   .          Reflect  .   (helmet restricted)
rElec   .          Harm     .   (no cloak)
rCorr   .          Rampage  .   (no gloves)
Will    .....      Clarity  +   (no boots)
Stlth   ++........              (no amulet)
HPRegen 0.20/turn               h - +6 ring of strength
MPRegen 0.09/turn               t - +6 ring of dexterity

@: lethally poisoned (0 -> -11), attractive
A: horns 2, retaliatory headbutt, clarity, low MP 1
a: no special abilities


You were on level 5 of the Dungeon.
You visited 1 branch of the dungeon, and saw 5 of its levels.

You collected 216 gold pieces.

Inventory:

Hand Weapons
 i - the +7 spear "Wagir" (weapon) {drain, Str+4 Stlth+}
   (You found it on level 2 of the Dungeon)

   A truly terrible weapon, it drains the life of any living foe it strikes.
   Str:       It affects your strength (+4).
   Stlth:     It makes you more stealthy.
 o - a +2 short sword of electrocution
 q - a +2 dagger of speed
Missiles
 d - 97 stones (quivered)
Armour
 c - a +0 scale mail (worn)
Jewellery
 a - a +4 ring of protection
 h - a +6 ring of strength (left hand)
 t - a +6 ring of dexterity (right hand)
Wands
 v - a wand of iceblast (12)
 w - a wand of mindburst (14)
 x - a wand of digging (5)
Scrolls
 b - 2 scrolls of blinking {unknown}
 j - a scroll of fog
 k - a scroll of enchant weapon {unknown}
 l - a scroll of amnesia
 m - 2 scrolls of teleportation {unknown}
 r - a scroll of vulnerability {unknown}
 u - 3 scrolls of identify {unknown}
Potions
 e - 2 potions of brilliance {unknown}
 f - a potion of flight {unknown}
 g - 4 potions of mutation
 n - a potion of attraction
 p - a potion of berserk rage {unknown}
 s - a potion of curing {unknown}


   Skills:
 + Level 5.3 Fighting
 + Level 5.7(6.7) Axes
 + Level 5.3(6.5) Polearms
 + Level 4.9 Armour
 + Level 4.6 Dodging
 + Level 3.3 Stealth


You had 6 spell levels left.
You didn't know any spells.
Your spell library was empty.

Dungeon Overview and Level Annotations

Branches:
Dungeon (5/15)
 Temple: D:4-7

Altars:
The Shining One

Shops:
D:4 [

Annotations:
D:1 exclusion: downstairs
D:4 Menkaure


Innate Abilities, Weirdness & Mutations

You have a pair of horns on your head.
You reflexively headbutt those who attack you in melee.
You possess an exceptional clarity of mind.
Your magical capacity is low. (-10% MP)


Message History

You feel sick. The killer bee stings you!
* * * LOW HITPOINT WARNING * * *
You are more poisoned.
The killer bee poisons you!
The killer bee stings you but does no damage.
The killer bee closely misses you. The killer bee misses you.
You furiously retaliate!
You headbutt the killer bee. The killer bee closely misses you.
It was a potion of mutation.
You feel extremely strange.
You feel less energetic.
Your thoughts seem clearer.
* * * LOW HITPOINT WARNING * * *
You feel very sick. The killer bee stings you.
* * * LOW HITPOINT WARNING * * *
You are more poisoned.
The killer bee poisons you!
The killer bee stings you but does no damage. x2
The killer bee closely misses you. You furiously retaliate!
You headbutt the killer bee! The killer bee barely misses you.
The killer bee misses you.
It was a potion of attraction.
You feel attractive to monsters.
* * * LOW HITPOINT WARNING * * *
You feel very sick. The killer bee barely misses you. You furiously retaliate!
You headbutt the killer bee, but do no damage.
The killer bee closely misses you. The killer bee completely misses you.
You furiously retaliate!
You headbutt the killer bee!
You kill the killer bee!
The killer bee barely misses you. You furiously retaliate!
You headbutt the killer bee.
You kill the killer bee!
The killer bee closely misses you. You furiously retaliate!
You headbutt the killer bee!
As you read the scroll labelled HEMODA YCRU, it crumbles to dust.
The scroll dissolves into smoke.
It was a scroll of fog.
* * * LOW HITPOINT WARNING * * *
You feel very sick. The killer bee stings you.
You die...

#......#####.......|.#
#####......###.......##.....
..###...#..##............##.#
........#................#
#..##...#.............[.##
#.###..###..............#
#..#....##.....##§§......
#...........#.##§§.......
......###.#####y@#..####
....####...#.##yy##.#
..†..###....>.#§§##.#
....................#
...................##
......................
.......................
.................#.....
.................#.....


You could see 3 killer bees.

Vanquished Creatures
  A water moccasin (D:5)
  A black bear (D:5)
  An ice beast (D:5)
  A necrophage (D:5)
  A phantom (D:4)
  2 scorpions (D:4)
  3 killer bees (D:5)
  A hound (D:5)
  A centaur skeleton (D:5)
  Ijyb (D:4)
  Terence (D:2)
  An iguana (D:4)
  Robin (D:2)
  5 adders
  2 adder skeletons (D:4)
  A worm (D:3)
  3 dart slugs
  5 orcs
  5 endoplasms
  4 giant cockroaches
  12 hobgoblins
  3 jackals (D:1)
  10 kobolds
  2 quokkas
  10 ball pythons
  2 bats
  5 frilled lizards
  16 goblins
  6 rats
107 creatures vanquished.

Vanquished Creatures (others)
  2 plants (D:1)
  3 withered plants (D:1)
5 creatures vanquished.

Grand Total: 112 creatures vanquished

Notes
Turn   | Place    | Note
-------+----------+-------------------------------------------
     0 | D:1      | themarg the Minotaur Monk began the quest for the Orb.
     0 | D:1      | Reached XP level 1. HP: 19/19 MP: 0/0
   135 | D:1      | Reached XP level 2. HP: 15/27 MP: 1/1
   664 | D:1      | Reached XP level 3. HP: 33/33 MP: 2/2
   690 | D:1      | Found a faded altar of an unknown god.
  1310 | D:2      | Noticed Terence
  1837 | D:2      | Noticed Robin
  2018 | D:2      | Killed Robin
  2024 | D:2      | Reached XP level 4. HP: 41/41 MP: 3/3
  2102 | D:2      | Identified the +7 spear "Wagir" {drain, Str+4 Stlth+}
  2320 | D:2      | Killed Terence
  2321 | D:2      | Reached skill level 5 in Axes
  2321 | D:2      | Reached skill level 1 in Armour
  2652 | D:3      | Reached XP level 5. HP: 47/47 MP: 4/4
  3404 | D:4      | Reached skill level 1 in Polearms
  3585 | D:4      | Reached XP level 6. HP: 47/53 MP: 5/5
  3657 | D:4      | Noticed Ijyb
  3677 | D:4      | Killed Ijyb
  3742 | D:4      | Noticed Menkaure
  3992 | D:4      | Found Ehigon's Armour Shop.
  4113 | D:5      | Entered Level 5 of the Dungeon
  4119 | D:5      | Reached XP level 7. HP: 58/60 MP: 6/6
  4165 | D:5      | Found a glowing golden altar of the Shining One.
  4344 | D:5      | Reached skill level 5 in Fighting
  4396 | D:5      | Reached skill level 5 in Polearms
  4417 | D:5      | Gained mutation: Your magical capacity is low. (-10% MP)
                  | [potion of mutation]
  4417 | D:5      | Gained mutation: You possess an exceptional clarity of
                  | mind. [potion of mutation]
  4419 | D:5      | HP: 2/61 [poisoned by a killer bee]
  4419 | D:5      | Slain by a killer bee

Illustrated notes

Levels and vault maps discovered:
D:1:      dpeg_arrival_triangle_fractal, layout_basic,
          shapermc_ecumenical_altar_flowoftime, palyth_stone_intersect,
          st_stairs_4
D:2:      layout_loops_ring, minmay_misc_feat_columns,
          nicolae_concentric_dashed_squares_wild, uniq_terence, uniq_robin
D:3:      layout_loops_ring, hex_tiny
D:4:      layout_rooms, serial_shops, nicolae_shop_advertising_works
          [nicolae_subvault_shop_adworks], chequers_hall_statues_corner_a,
          uniq_menkaure, uniq_ijyb
D:5:      layout_cave_pools, mainiacjoe_overflow_large_starburst,
          corner_web_ring

Skill      XL: |  1  2  3  4  5  6  7 |
---------------+----------------------+-----
Axes           | 4 5 |  5.7
Fighting       | 4 5 |  5.3
Stealth        | 2 3 |  3.3
Armour         | 1 2 3 4 |  4.9
Polearms       | 2 3 5 |  5.3
Dodging        | 4 |  4.6

Action                   |  1- 3 |  4- 6 |  7- 9 || total
-------------------------+-------+-------+-------++-------
Melee: Hand axe          |    79 |    14 |       ||    93
       Headbutt          |    10 |    12 |     4 ||    26
       Punch             |     2 |     1 |     2 ||     5
       Spear             |       |    92 |    38 ||   130
  Use: Scroll            |       |     1 |     1 ||     2
       Potion            |       |       |     2 ||     2
 Stab: Sleeping          |     4 |     2 |       ||     6
       Distracted        |       |     1 |       ||     1
Armor: Robe              |    11 |       |       ||    11
       Scale mail        |    13 |    22 |    14 ||    49
Dodge: Dodged            |    51 |    45 |    32 ||   128
